 Dungeon Crawl Stone Soup version 0.28.0 (webtiles) character file.

Game seed: 16651095066025654294

56 BeingJoeMalik the Firebug (level 3, -9/26 HPs)
             Began as a Draconian Fire Elementalist on Feb 13, 2022.
             Mangled by Sigmund (12 damage)
             ... on level 2 of the Dungeon.
             The game lasted 00:04:55 (1385 turns).

BeingJoeMalik the Firebug (DrFE)                    Turns: 1385, Time: 00:04:55

Health: -9/26      AC:  8    Str: 10    XL:     3   Next: 69%
Magic:  0/6        EV: 12    Int: 17    God:
Gold:   80         SH:  0    Dex: 11    Spells: 3/6 levels left

rFire   . . .      SeeInvis .   (no weapon)
rCold   . . .      Faith    .   (no shield)
rNeg    . . .      Spirit   .   (armour unavailable)
rPois   .          Reflect  .   (helmet restricted)
rElec   .          Harm     .   (no cloak)
rCorr   .          Rampage  .   a - +2 pair of gloves
Will    .....                   (no boots)
Stlth   +.........              (no amulet)
HPRegen 0.08/turn               (no ring)
MPRegen 0.10/turn               (no ring)

@: confused, attractive, very slightly contaminated
A: AC +5, unfitting armour, cold-blooded
a: no special abilities


You were on level 2 of the Dungeon.
You visited 1 branch of the dungeon, and saw 2 of its levels.

You collected 80 gold pieces.

Inventory:

Missiles
 d - 2 poisoned darts (quivered)
Armour
 a - a +2 pair of gloves (worn)
Jewellery
 g - an amulet of magic regeneration
Scrolls
 b - a scroll of enchant weapon {unknown}
 e - a scroll of identify {unknown}


   Skills:
 - Level 1.7 Dodging
 - Level 1.7 Stealth
 - Level 2.0 Spellcasting
 + Level 3.1 Conjurations
 + Level 3.5 Fire Magic


You had 3 spell levels left.
You knew the following spells:

 Your Spells              Type           Power      Damage    Failure   Level
a - Foxfire               Conj/Fire      52%        2x1d6     4%          1
b - Scorch                Fire           26%        2d6       7%          2

Your spell library contained the following spells:

 Spells                   Type           Power      Damage    Failure   Level
 Conjure Flame            Conj/Fire      13%        6-21      14%         3
 Inner Flame              Hex/Fire       7%         N/A       28%         3
 Flame Wave               Conj/Fire      13%        2d6       43%         4


Dungeon Overview and Level Annotations

Branches:
Dungeon (2/15)

Altars:

Annotations:
D:2 Sigmund


Innate Abilities, Weirdness & Mutations

Your plain brown scales are hard. (AC +5)
You cannot fit into any form of body armour.
You are cold-blooded and may be slowed by cold attacks.


Message History

Sigmund closely misses you.
It was a potion of curing.
You feel better.
Sigmund hits you with a +2 vorpal scythe!
Casting: Foxfire (safe; 4% risk of failure)
Confirm with . or Enter, or press ? or * to list all spells.
You conjure some foxfire!
Casting: Foxfire (safe; 4% risk of failure)
Confirm with . or Enter, or press ? or * to list all spells.
Flames lash Sigmund.
Sigmund is moderately wounded.
Sigmund's fire resistance burns away.
The foxfire hits Sigmund but does no damage.
Sigmund is moderately wounded.
The foxfire hits Sigmund!
Sigmund is burned terribly!
Sigmund is heavily wounded.
Sigmund mumbles some strange words.
Sigmund flickers and vanishes!
Deactivating autopickup; reactivate with Ctrl-A.
Casting: Scorch (safe; 7% risk of failure)
Confirm with . or Enter, or press ? or * to list all spells.
Flames lash something.
Something hits you but does no damage.
Casting: Scorch (safe; 7% risk of failure)
Confirm with . or Enter, or press ? or * to list all spells.
You don't have enough magic to cast this spell.
You closely miss something. Something hits you!
* * * LOW HITPOINT WARNING * * *
x2 Unknown command.
Casting: Scorch (safe; 7% risk of failure)
Confirm with . or Enter, or press ? or * to list all spells.
You miscast Foxfire.
You are very lightly contaminated with residual magic.
Nothing appears to happen.
Unknown command.
You miss something.
You hear some strange, mumbled words.
You are confused.
Unknown command.
You aren't carrying any potions.
You're too confused to move!
Something hits you!
You die...

##########
#..(.....#
#........# ####
#.......)###..#
##.#.###......# ###
#.#.....###..#
..####...#######.##
#...............@{#
###...#...........#
.....##...........#
†....##(#.........#
......#.#.........#
......#.#.........#
......#.###########
......#.# ......#.#


There were no monsters in sight!

Vanquished Creatures
  2 adders (D:2)
  A worm (D:2)
  2 endoplasms (D:1)
  2 giant cockroaches
  2 hobgoblins
  2 quokkas
  5 ball pythons
  2 bats
  A frilled lizard (D:2)
  8 goblins
  3 kobolds
  3 rats
33 creatures vanquished.

Vanquished Creatures (others)
  80 foxfires
80 creatures vanquished.

Grand Total: 113 creatures vanquished

Notes
Turn   | Place    | Note
-------+----------+-------------------------------------------
     0 | D:1      | BeingJoeMalik the Draconian Fire Elementalist began the
                  | quest for the Orb.
     0 | D:1      | Reached XP level 1. HP: 14/14 MP: 3/3
   269 | D:1      | Reached XP level 2. HP: 20/20 MP: 1/5
   272 | D:1      | Learned a level 2 spell: Scorch
   740 | D:2      | Reached XP level 3. HP: 26/26 MP: 3/6
   985 | D:2      | Found a faded altar of an unknown god.
  1365 | D:2      | Noticed Sigmund
  1385 | D:2      | Mangled by Sigmund

Illustrated notes

Levels and vault maps discovered:
D:1:      lemuel_arrival_funnel, layout_rooms
D:2:      layout_rooms, chequers_ecumenical_altar_island, uniq_sigmund

Skill      XL: |  1  2 |
---------------+-------+-----
Conjurations   | 2 3 |  3.1
Dodging        | |  1.7
Stealth        | |  1.7
Spellcasting   | |  2.0
Fire Magic     | |  3.5

Action                   || total
-------------------------++-------
Melee: Unarmed           ||    12
 Cast: Foxfire           ||    46
       Scorch            ||     5
  Use: Potion            ||     2
Armor: Skin              ||     6
Dodge: Dodged            ||     6
